AoeStats
← Apeiron

Arabia

509876999Analyzed
2v2 RM · 4d ago on Sep 28, 2026· 31m 52s· 4 players
Game mode
Random Map
Map size
Medium (4 player)
Population
200
Speed
Normal
Resources
Standard
Victory
Conquest
Starting age
Dark Age
Ending age
Imperial Age
RankedLock teamsTeams togetherTeam positionsShared explorationLock speedFull tech treeHidden civsTurbo modeCheats
Victory
Defeat
🇹🇷 Maya · Türkiye
920
+17
919
+17
🇫🇷 Cumans · France
995
-19
🇫🇷 Japanese · France
897
-35
Apeiron
7:26 Loom
10:25 Feudal Age
11:03 Double-Bit Axe
13:42 Fletching
24:10 Castle Age
22:00 Horse Collar
24:08 Gold Mining
26:12 Elite Skirmisher
27:43 Bodkin Arrow
27:52 Padded Archer Armor
28:01 Thumb Ring
27:44 Crossbowman
word.exe ömer EasySkins com
11:47 Feudal Age
10:12 Loom
13:35 Double-Bit Axe
13:59 Horse Collar
17:04 Castle Age
18:18 Bow Saw
18:14 Husbandry
20:46 Forging
25:42 Wheelbarrow
26:56 Iron Casting
26:27 Scale Barding Armor
29:07 Heavy Plow
30:09 Chain Barding Armor
32:10 Hand Cart
Ombrias
8:12 Loom
10:22 Feudal Age
10:40 Man-at-Arms
15:24 Fletching
17:03 Padded Archer Armor
24:38 Castle Age
23:01 Double-Bit Axe
23:15 Horse Collar
26:09 Wheelbarrow
24:57 Elite Skirmisher
25:35 Bodkin Arrow
25:57 Leather Archer Armor
26:28 Thumb Ring
26:53 Gambesons
29:56 Ballistics
30:17 Gold Mining
31:34 Bow Saw
Scloki
12:48 Feudal Age
14:40 Wheelbarrow
14:07 Double-Bit Axe
15:48 Horse Collar
18:55 Town Watch
18:56 Loom
21:42 Scale Barding Armor
24:49 Castle Age
23:10 Bloodlines
26:44 Pikeman
Connection lost

Rejoining the realm…

Still unreachable

The connection could not be restored.

Session expired

The server has moved on; the page needs a fresh start.